 Dungeon Crawl Stone Soup version 0.20-a0-1122-gb7cbeb9 (webtiles) character file.

107 Gorglomux the Poker (level 5, -3/42 HPs)
             Began as a Formicid Warper on May 14, 2017.
             Slain by a gnoll
             ... wielding a +0 halberd
              (17 damage)
             ... on level 2 of the Dungeon.
             The game lasted 00:02:27 (2287 turns).

Gorglomux the Poker (Formicid Warper)               Turns: 2287, Time: 00:02:28

Health: -3/42      AC:  3    Str: 15    XL:     5   Next: 11%
Magic:  8/8        EV: 11    Int: 14    God:
Gold:   14         SH:  0    Dex: 10    Spells: 6/8 levels left

rFire    . . .     SeeInvis +   a - +0 spear
rCold    . . .     Gourm    .   (no shield)
rNeg     . . .     Faith    .   b - +0 leather armour
rPois    .         Spirit   .   (helmet unavailable)
rElec    .         Reflect  .   (no cloak)
rCorr    .         Harm     .   (no gloves)
MR       .....                  (no boots)
Stlth    +.........             (no amulet)
Regen    0.2/turn               (no ring)
MPRegen  0.2/turn               (no ring)

@: no status effects
A: permanent stasis, dig shafts and tunnels, four strong arms, antennae 3
a: Dig, Shaft Self


You were on level 2 of the Dungeon.
You were hungry.

You visited 1 branch of the dungeon, and saw 2 of its levels.

You collected 14 gold pieces.

Inventory:

Hand Weapons
 a - a +0 spear (weapon)
Missiles
 e - 4 tomahawks of dispersal {=f}
Armour
 b - a +0 leather armour (worn)
Scrolls
 d - a scroll of blinking {!r}
 h - a scroll of recharging {unknown}
 i - a scroll of teleportation {unknown}
 j - 2 scrolls of remove curse {unknown}
 o - a scroll of amnesia {unknown}
Potions
 m - a potion of agility {unknown}
Books
 c - a book of Spatial Translocations
Comestibles
 f - a bread ration {@e1@e1}
 g - a meat ration {@e2@e2}
 k - a royal jelly
 l - a fruit


   Skills:
 + Level 3.7 Fighting
 * Level 3.9 Polearms
 - Level 1.0 Throwing
 - Level 1.1 Armour
 - Level 1.7 Dodging
 - Level 2.1 Spellcasting
 - Level 2.6 Translocations


You had 6 spell levels left.
You knew the following spells:

 Your Spells              Type           Power        Failure   Level  Hunger
a - Shroud of Golubria    Chrm/Tloc      #.........   26%         2    ###....


Dungeon Overview and Level Annotations

Branches:
Dungeon (2/15)

Altars:


Innate Abilities, Weirdness & Mutations

You cannot be hasted, slowed, berserked, paralysed or teleported.
You can dig through walls and to a lower floor.
Your four strong arms can wield two-handed weapons with a shield.
You have a pair of large antennae on your head. (SInv)


Message History

You kill the adder!
You have reached level 5!
You regained 5 hp, and now have 30/42 hp.
MP restored: 8 No target in view!
Unknown command.
You see here an adder corpse.
You butcher the adder corpse.
n - 4 chunks of flesh {@w0@w0} (gained 2)
You start resting.
Eating one of 4 chunks of flesh {@w0@w0}.
You eat one of the 4 chunks of flesh {@w0@w0}.
You sense a monster nearby.
You start resting.
A quokka comes into view.
The quokka bites you.
You take 3 damage, and have 29/42 hp.
You hit the quokka. The quokka bites you.
You take 2 damage, and have 27/42 hp.
You hit the quokka.
You kill the quokka!
Found a stone staircase leading down.
You see here a quokka corpse.
You butcher the quokka corpse.
n - 4 chunks of flesh {@w0@w0} (gained 1)
You start resting.
Health restored: 42 An adder is nearby!
An adder is nearby!
The adder hisses angrily.
Unknown command.
There are monsters nearby!
Unknown command.
The gnoll shouts!
You barely miss the adder. The adder bites you.
The gnoll hits you from afar with a halberd.
You take 4 damage, and have 38/42 hp.
The adder barely misses you. The adder misses you. The adder bites you.
You take 4 damage, and have 34/42 hp.
The adder barely misses you.
There is a stone staircase leading up here.
The adder barely misses you.
You climb upwards.
There is a stone staircase leading down here.
You closely miss the adder. The adder bites you.
You are poisoned.
The adder poisons you!
You barely miss the adder.
You feel sick. The adder misses you. The adder closely misses you.
You hit the adder. The adder barely misses you.
You hit the adder. The adder closely misses you.
You barely miss the adder. The adder bites you.
You are more poisoned.
The adder poisons you!
Unknown command.
You take 3 damage, and have 31/42 hp.
You hit the adder.
You feel sick. The adder bites you.
You take 4 damage, and have 27/42 hp.
Unknown command.
You barely miss the adder. The adder bites you. x2
You are more poisoned.
The adder poisons you!
You take 7 damage, and have 20/42 hp.
You hit the adder.
You kill the adder!
You feel sick.
You take 1 damage, and have 19/42 hp.
Search for what [? for help]? halb Can't find anything matching that.
You start resting.
You feel sick. x9
You are no longer poisoned.
You take 5 damage, and have 14/42 hp.
You start resting.
Some of the chunks of flesh in your inventory have rotted away.
All of the chunks of flesh in your inventory have rotted away.
You are feeling hungry.
You regained 18 hp, and now have 32/42 hp.
Search for what [Enter for "halb", or ? for help]? spear You start resting.
Health restored: 42 You climb downwards.
The gnoll hits you. The gnoll hits you with a halberd!
The gnoll hits you but does no damage.
There is a stone staircase leading up here.
You take 10 damage, and have 32/42 hp.
MASSIVE DAMAGE!!
You extend your mandibles.
You dig through the rock wall.
The gnoll hits you from afar with a halberd!
You take 12 damage, and have 20/42 hp.
MASSIVE DAMAGE!!
You dig through the rock wall.
You hear a shout!
You dig through the rock wall.
You dig through the rock wall.
You hear a shout!
You dig through the rock wall.
The gnoll hits you!
The gnoll hits you from afar with a halberd!
You die...

##...8...#.#.#####
#..#$..#...{{.....
##.##.##.#g#.####.
#.......%..#.# #
#..#.#.....#.#
#..#...###....#.#
#.......####...###
####g.<..........#
#@###g#......#.#
##g#.####....#.#
##g## ##.#.#.# ###
#.#.#.# #.#.#.###
#.#.#.... .#.#####
#


You could see 3 gnolls.

Vanquished Creatures
  5 gnolls
  2 adders
  A worm (D:2)
  2 dart slugs
  A giant cockroach (D:1)
  6 goblins (D:1)
  4 jackals (D:1)
  2 quokkas
  5 bats (D:1)
  2 frilled lizards (D:1)
  2 kobolds (D:1)
  7 rats
39 creatures vanquished.

Notes
Turn   | Place    | Note
-------+----------+-------------------------------------------
     0 | D:1      | Gorglomux the Formicid Warper began the quest for the Orb.
     0 | D:1      | Reached XP level 1. HP: 16/16 MP: 3/3
    84 | D:1      | Reached XP level 2. HP: 23/23 MP: 5/5
   420 | D:1      | Reached skill level 3 in Fighting
   420 | D:1      | Reached XP level 3. HP: 26/29 MP: 6/6
   425 | D:1      | PeterMcNeter: lol
   427 | D:1      | Gorglomux: that was the play
  1050 | D:1      | Reached skill level 3 in Polearms
  1169 | D:1      | Reached XP level 4. HP: 14/35 MP: 7/7
  1362 | D:1      | Learned a level 2 spell: Shroud of Golubria
  1405 | D:1      | HP: 5/35 [gnoll/flail (15)]
  1897 | D:2      | Reached XP level 5. HP: 30/42 MP: 8/8
  2287 | D:2      | Slain by a gnoll

Vault maps used:
D:1:      minmay_arrival_radiant_lines
D:2:      minmay_misc_feat_encased, st_stairs_4, minmay_tromino_v4_b

Skill      XL: |  1  2  3 |
---------------+----------+-----
Fighting       | 3 |  3.7
Polearms       | 3 |  3.9
Throwing       | |  1.0
Armour         | |  1.1
Dodging        | |  1.7
Spellcasting   | |  2.1
Translocations | |  2.6

Action                   |  1- 3 |  4- 6 || total
-------------------------+-------+-------++-------
Melee: Spear             |   107 |    49 ||   156
Throw: Tomahawk          |     1 |       ||     1
 Cast: Shroud of Golubri |       |     2 ||     2
 Abil: Dig               |     1 |     1 ||     2
  Eat: Chunk             |     1 |     3 ||     4
Armor: Leather armour    |    19 |     2 ||    21
Dodge: Dodged            |    60 |    19 ||    79

Vault maps used:
D:1:      minmay_arrival_radiant_lines
D:2:      minmay_misc_feat_encased, st_stairs_4, minmay_tromino_v4_b

Table legend:
 A = Turns spent in this place as a percentage of turns spent in the entire game.
 B = Non-inter-level travel turns spent in this place as a percentage of non-inter-level travel turns spent in the entire game.
 C = Inter-level travel turns spent in this place as a percentage of turns spent in this place.
 D = Turns resting spent in this place as a percentage of non-inter-level travel turns spent in this place.
 E = Turns spent auto-exploring this place as a percentage of non-inter-level travel turns spent in this place.
 F = Non-inter-level travel turns spent in this place divided by the number of levels of this place that you've seen.
                   A       B       C       D       E      F
               +-------+-------+-------+-------+-------+----------------------
         Total | 100.0 | 100.0 |   0.8 |   4.8 |   9.4 | 261.0
       Dungeon | 100.0 | 100.0 |   0.8 |   4.8 |   9.4 | 261.0
               +-------+-------+-------+-------+-------+----------------------

Table legend:
 A = Kills in this place as a percentage of kills in entire the game.
 B = Kills by you in this place as a percentage of kills by you in the entire game.
 C = Kills by friends in this place as a percentage of kills by friends in the entire game.
 D = Other kills in this place as a percentage of other kills in the entire game.
 E = Experience gained in this place as a percentage of experience gained in the entire game.
 F = Experience gained in this place divided by the number of levels of this place that you have seen.
                   A       B       C       D       E      F
               +-------+-------+-------+-------+-------+----------------------
         Total | 100.0 | 100.0 |  -nan |  -nan | 100.0 |  77.0
       Dungeon | 100.0 | 100.0 |  -nan |  -nan | 100.0 |  77.0
               +-------+-------+-------+-------+-------+----------------------
